 Dungeon Crawl Stone Soup version 0.30-a0-881-g1ff12e1e11 (webtiles) character file.

Game seed: 12040618235253827156

100 Hubris850 the Chiller (level 4, -1/39 HPs)
             Began as an Ogre Ice Elementalist on Mar 14, 2023.
             Slain by a phantom (5 damage)
             ... on level 3 of the Dungeon.
             The game lasted 00:06:49 (2915 turns).

Hubris850 the Chiller (Ogre Ice Elementalist)       Turns: 2915, Time: 00:06:49

Health: -1/39      AC:  3    Str: 12    XL:     4   Next: 73%
Magic:  0/17       EV: 10    Int: 18    God:
Gold:   135        SH:  0    Dex:  9    Spells: 2/9 levels left

rFire   . . .      SeeInvis .    k - +0 whip
rCold   . . .      Faith    .    (no shield)
rNeg    . . .      Spirit   +    a - +0 robe
rPois   .          Reflect  .    (helmet restricted)
rElec   .          Rampage  .    (no cloak)
rCorr   .                        (gloves unavailable)
Will    .....                    (boots unavailable)
Stlth   ++                       s - amulet of guardian spirit
HPRegen 0.26/turn                e - ring of magical power
MPRegen 0.15/turn                (no ring)

@: no status effects
A: large, unfitting armour, tough skin 1
a: no special abilities


You were on level 3 of the Dungeon.
You visited 1 branch of the dungeon, and saw 3 of its levels.

You collected 135 gold pieces.

Inventory:

Hand Weapons
 b - a +0 mace
 c - a +0 dagger
 k - a +0 whip (weapon)
Missiles
 i - 9 poisoned darts
Armour
 a - a +0 robe (worn)
 l - a +0 kite shield
Jewellery
 e - a ring of magical power (left hand)
 n - an amulet of faith
 s - an amulet of guardian spirit (around neck)
Scrolls
 f - 2 scrolls of teleportation {unknown}
 g - a scroll of amnesia {unknown}
 j - a scroll of fear {unknown}
 o - 2 scrolls of enchant weapon {unknown}
 p - 3 scrolls of identify {unknown}
 q - a scroll of noise {unknown}
Potions
 d - 2 potions of mutation {unknown}
 h - a potion of attraction {unknown}
 m - a potion of curing {unknown}
 r - a potion of berserk rage {unknown}


   Skills:
 + Level 0.9 Maces & Flails
 + Level 2.7 Dodging
 + Level 2.2 Stealth
 - Level 3.1 Spellcasting
 - Level 4.0 Ice Magic


You had 2 spell levels left.
You knew the following spells:

 Your Spells              Type           Power      Damage    Failure   Level
a - Freeze                Ice            68%        1d8       3%          1
b - Frozen Ramparts       Ice            34%        1d6       10%         3
c - Ozocubu's Armour      Ice            17%        N/A       10%         3

Your spell library contained the following spells:

 Spells                   Type           Power      Damage    Failure   Level
 Apportation              Tloc           4%         N/A       16%         1
 Necrotise                Necr           8%         1d4       16%         1
 Summon Small Mammal      Summ           8%         N/A       16%         1
 Summon Ice Beast         Ice/Summ       10%        N/A       56%         4


Dungeon Overview and Level Annotations

Branches:
Dungeon (3/15)

Altars:

Shops:
D:1 *   D:2 (

Annotations:
D:3 Grinder


Innate Abilities, Weirdness & Mutations

You are too large for most types of armour.
You have tough skin. (AC +1)


Message History

You are too injured to fight recklessly!
You are too injured to fight recklessly!
You are too injured to fight recklessly!
You are too injured to fight recklessly!
You are too injured to fight recklessly!
You barely miss the phantom.
You punch the phantom, but do no damage.
The phantom is heavily damaged.
The phantom hits you but does no damage.
The goblin shoots a sling bullet.
The sling bullet barely misses you. The phantom hits you.
* * * LOW HITPOINT WARNING * * *
The phantom blinks!
You blink.
The white imp sputters.
The white imp gestures at you. The puff of frost hits you.
* * * LOW HITPOINT WARNING * * *
You hit the phantom.
The phantom is severely damaged.
The goblin shoots a sling bullet.
The sling bullet hits you but does no damage.
The phantom closely misses you.
You completely miss the phantom.
The phantom is severely damaged.
The phantom closely misses you.
The white imp hits you but does no damage.
You barely miss the phantom.
The phantom is severely damaged.
The phantom hits you!
* * * LOW HITPOINT WARNING * * *
The phantom blinks!
You blink.
You hit the phantom.
The phantom is almost destroyed.
The phantom barely misses you.
The goblin shoots a sling bullet.
The sling bullet hits you.
* * * LOW HITPOINT WARNING * * *
You barely miss the phantom.
The phantom is almost destroyed.
The phantom hits you!
You die...

#...)..## ##..#.##..
#......†## ##......#..
#......8.## ##.8.....'..
#.........##+##........#..
#......................#..
#.........#..####......#..
#...........## #......#..
#.........#######......#..
#........@W...........##..
#.....................####
#................)....#
#.....................#
#########.......g.....#
#....$.5......#
#...|...§.....#
#.............#
#.........$...#


You could see a phantom, a white imp and a goblin.

Vanquished Creatures
  Terence (D:1)
  2 adders (D:2)
  2 worms (D:2)
  A dart slug (D:3)
  2 orcs
  4 endoplasms
  2 giant cockroaches (D:1)
  3 goblins
  3 hobgoblins (D:1)
  4 jackals
  3 quokkas
  2 ball pythons (D:2)
  9 bats
  2 frilled lizards
  3 kobolds (D:2)
  3 rats
46 creatures vanquished.

Notes
Turn   | Place    | Note
-------+----------+-------------------------------------------
     0 | D:1      | Hubris850 the Ogre Ice Elementalist began the quest for the
                  | Orb.
     0 | D:1      | Reached XP level 1. HP: 16/16 MP: 3/3
    86 | D:1      | Found Veshrud's General Store.
   513 | D:1      | Reached XP level 2. HP: 24/24 MP: 3/5
  1079 | D:2      | Noticed Terence
  1142 | D:1      | Killed Terence
  1143 | D:1      | Reached XP level 3. HP: 4/31 MP: 1/7
  1365 | D:2      | Learned a level 3 spell: Frozen Ramparts
  1369 | D:2      | Learned a level 3 spell: Ozocubu's Armour
  1573 | D:2      | Reached skill level 4 in Ice Magic
  1573 | D:2      | Reached XP level 4. HP: 26/39 MP: 1/8
  1777 | D:2      | Found Pyfiycowk's Antique Weapon Boutique.
  2554 | D:3      | Noticed Grinder
  2890 | D:3      | Noticed a phantom
  2915 | D:3      | Slain by a phantom

Illustrated notes

Levels and vault maps discovered:
D:1:      dpeg_arrival_windows_large_door, layout_basic, serial_shops, shop
D:2:      layout_basic, serial_shops, shop_fountains, uniq_terence
D:3:      layout_basic, nicolae_overflow_ecumenical_swirl, uniq_grinder

Skill      XL: |  1  2  3 |
---------------+----------+-----
Dodging        | 2 |  2.7
Spellcasting   | 3 |  3.1
Stealth        | 2 |  2.2
Ice Magic      | 4 |  4.0
Maces & Flails | |  0.9

Action                     |  1- 3 |  4- 6 || total
---------------------------+-------+-------++-------
  Melee: Dagger            |    52 |       ||    52
         Unarmed           |     3 |       ||     3
         Mace              |    22 |       ||    22
         Whip              |     6 |   127 ||   133
         Punch             |       |     3 ||     3
   Cast: Freeze            |    29 |     1 ||    30
         Frozen Ramparts   |     1 |       ||     1
    Use: Potion            |     2 |       ||     2
   Stab: Sleeping          |     3 |       ||     3
 Armour: Robe              |    45 |    40 ||    85
  Dodge: Dodged            |    80 |    55 ||   135

Table legend: (Time is in decaauts)
 A = Elapsed time spent in this place.
 B = Non-inter-level travel time spent in this place.
 C = Inter-level travel time spent in this place.
 D = Time resting spent in this place.
 E = Time spent auto-exploring this place.
 F = Levels seen in this place.
 G = Mean time per level.
                   A        B        C        D        E       F      G
               +--------+--------+--------+--------+--------+-----+--------+
         Total |   2931 |   2856 |     75 |    269 |   2035 |   3 |  977.0 |
       Dungeon |   2931 |   2856 |     75 |    269 |   2035 |   3 |  977.0 |
               +--------+--------+--------+--------+--------+-----+--------+

Top non-repeatable levels by time:
     D:2: 1280 daAuts
     D:1: 1232 daAuts
     D:3: 419 daAuts
